 Dungeon Crawl Stone Soup version 0.25-a0-1133-g93ebf739aa (webtiles) character file.

Game seed: 12820871131597283905, levelgen mode: deterministic

641 vurker the Charlatan (level 7, 0/51 HPs)
             Began as a Human Artificer on May 21, 2020.
             Was a Follower of Makhleb.
             Succumbed to a killer bee's poison
             ... on level 3 of the Dungeon.
             The game lasted 00:06:11 (4906 turns).

vurker the Charlatan (Human Artificer)              Turns: 4906, Time: 00:06:11

Health: 0/51       AC:  7    Str: 14    XL:     7   Next: 81%
Magic:  10/10      EV: 11    Int: 12    God:    Makhleb [*.....]
Gold:   298        SH:  0    Dex: 13    Spells: 6/6 levels left

rFire    + . .     SeeInvis .   b - +0 whip (elec)
rCold    + . .     Gourm    .   (no shield)
rNeg     . . .     Faith    .   w - +0 scale mail
rPois    +         Spirit   .   (helmet restricted)
rElec    +         Reflect  .   (no cloak)
rCorr    +         Harm     .   (no gloves)
MR       .....                  l - +0 pair of boots
Stlth    ..........             (no amulet)
HPRegen  0.17/turn              p - ring of attention (curse)
MPRegen  0.12/turn              (no ring)

@: lethally poisoned (0 -> -16), resistant, very slightly contaminated,
invisible
A: horns 1, deterioration 1, poison resistance
a: Renounce Religion


You were on level 3 of the Dungeon.
You worshipped Makhleb.
Makhleb was aware of your devotion.
You were not hungry.

You visited 1 branch of the dungeon, and saw 5 of its levels.

You collected 298 gold pieces.

Inventory:

Hand Weapons
 a - a cursed -3 battleaxe
   (You found it on level 3 of the Dungeon)
 b - a +0 whip of electrocution (weapon)
   (You took it off a kobold on level 1 of the Dungeon)
Armour
 l - a +0 pair of boots (worn)
   (You found it on level 1 of the Dungeon)
 r - a +2 helmet
   (You found it on level 4 of the Dungeon)
 w - a +0 scale mail (worn)
   (You found it on level 3 of the Dungeon)
Jewellery
 p - a cursed ring of attention (left hand)
   (You found it on level 2 of the Dungeon)
Wands
 d - a wand of enslavement (24)
 f - a wand of random effects (5)
 t - a wand of flame (14)
Scrolls
 k - 4 scrolls of teleportation {unknown}
 m - 3 scrolls of identify {unknown}
 n - a scroll of noise {unknown}
 o - 2 scrolls of enchant armour {unknown}
 q - 2 scrolls of blinking {unknown}
 s - 5 scrolls of remove curse {unknown}
 x - a scroll of fog {unknown}
Comestibles
 e - 6 rations
 z - 4 chunks of flesh


   Skills:
 + Level 2.8 Fighting
   Level 1.0 Short Blades
 * Level 2.6 Axes
 + Level 2.5 Armour
 * Level 4.4 Dodging
 - Level 1.0 Stealth
 + Level 2.0 Invocations
 * Level 5.0 Evocations


You had 6 spell levels left.
You didn't know any spells.
Your spell library contained the following spells:

 Spells                   Type           Power        Failure   Level  Hunger
 Beastly Appendage        Tmut           #.....       80%         1    ##.....
 Sticks to Snakes         Tmut           #.......     91%         2    ###....
 Spider Form              Tmut/Pois      #.........   99%         3    ####...
 Ice Form                 Ice/Tmut       #.......     100%        4    #####..
 Blade Hands              Tmut           #.........   100%        5    ######.


Dungeon Overview and Level Annotations

Branches:
Dungeon (5/15)
 Temple: D:4-7

Altars:
Ashenzari
Dithmenos
Gozag
Makhleb
Okawaru
Sif Muna
Uskayaw

Annotations:
D:4 exclusion: door


Innate Abilities, Weirdness & Mutations

You have a pair of small horns on your head.
Your body sometimes deteriorates upon taking damage.
Your system is resistant to poisons. (rPois)


Message History

You closely miss the killer bee.
You feel sick. The killer bee completely misses you. The killer bee stings you.
* * * LOW HITPOINT WARNING * * *
Aim: a killer bee (severely wounded)
The puff of flame hits the killer bee!
You kill the killer bee!
Makhleb accepts your kill.
You can now gain health from killing.
Your Invocations skill increases to level 2!
Your Evocations skill increases to level 5!
You feel sick. The killer bee stings you.
* * * LOW HITPOINT WARNING * * *
You are lethally poisoned!
The killer bee poisons you!
Unknown command.
It was a potion of brilliance.
You feel clever all of a sudden.
* * * LOW HITPOINT WARNING * * *
You feel sick. The killer bee stings you.
* * * LOW HITPOINT WARNING * * *
You are more poisoned.
The killer bee poisons you! The killer bee closely misses you.
It was a potion of cancellation.
Your magical effects are unravelling.
You feel magically purged.
You feel a little less clever now.
You feel less ready to backstab.
* * * LOW HITPOINT WARNING * * *
You feel sick.
The killer bee stings you but does no damage.
The killer bee barely misses you.
It was a potion of invisibility.
You fade into invisibility!
* * * LOW HITPOINT WARNING * * *
You feel sick. The killer bee barely misses you.
The killer bee closely misses you.
You are very lightly contaminated with residual magic.
It was a potion of resistance.
You feel protected.
* * * LOW HITPOINT WARNING * * *
You feel sick. The killer bee closely misses you.
The killer bee stings you but does no damage.
It was a potion of mutation.
You feel extremely strange.
You feel yourself wasting away.
You feel resistant to poisons. A pair of horns grows on your head!
Your +2 helmet falls away!
* * * LOW HITPOINT WARNING * * *
You feel sick. The killer bee closely misses you.
The killer bee stings you but does no damage.
Aim: a killer bee (chance to defeat MR: 69%)
The killer bee struggles to resist.
You die...

....##.......#.##..#
....##..#.....y....#
##.###.......#†###.#
......)...#..#y#
########..#..#.#
..........#.y#y#
.######...#..#..
..........#..######
..####....#....y@.#
..........#.#####.#
..[##...#.#.# .#
........#.#. .#
.[####....## ##
..........#
.######...#
..........#
########.##


You could see a killer bee.

Vanquished Creatures
  3 ogres
  4 killer bees (D:3)
  A hound (D:5)
  A worker ant (D:4)
  5 adders
  2 oozes
  3 worms (D:2)
  5 dart slugs
  4 leopard geckos
  6 orcs
  2 giant cockroaches (D:3)
  5 goblins
  8 hobgoblins
  6 jackals
  4 quokkas
  2 ball pythons
  8 bats
  13 kobolds
  9 rats
91 creatures vanquished.

Notes
Turn   | Place    | Note
-------+----------+-------------------------------------------
     0 | D:1      | vurker the Human Artificer began the quest for the Orb.
     0 | D:1      | Reached XP level 1. HP: 15/15 MP: 3/3
    55 | D:1      | Reached XP level 2. HP: 10/21 MP: 4/4
   367 | D:1      | Reached XP level 3. HP: 24/26 MP: 5/5
  1390 | D:2      | Reached skill level 1 in Armour
  1400 | D:2      | Reached XP level 4. HP: 21/32 MP: 6/6
  1539 | D:2      | Found a hide-covered altar of Uskayaw.
  1970 | D:2      | Found a shadowy altar of Dithmenos.
  2114 | D:2      | Found an iron altar of Okawaru.
  2117 | D:2      | Found an opulent altar of Gozag.
  2439 | D:3      | Found a faded altar of an unknown god.
  2456 | D:3      | Found a burning altar of Makhleb.
  2508 | D:3      | Reached XP level 5. HP: 31/38 MP: 7/7
  2762 | D:3      | Became a worshipper of Makhleb the Destroyer
  3026 | D:3      | You fall into a shaft and drop 2 floors!
  3026 | D:5      | Entered Level 5 of the Dungeon
  3028 | D:5      | Found a shattered altar of Ashenzari.
  3059 | D:5      | Reached skill level 4 in Evocations
  3284 | D:4      | Noticed an ogre
  3292 | D:4      | Killed an ogre
  3292 | D:4      | Reached skill level 1 in Axes
  3292 | D:4      | Reached XP level 6. HP: 13/44 MP: 9/9
  3519 | D:4      | Reached skill level 1 in Invocations
  3519 | D:4      | Noticed an ogre
  3528 | D:4      | Killed an ogre
  3740 | D:4      | Reached XP level 7. HP: 48/51 MP: 10/10
  3855 | D:4      | Found a shimmering blue altar of Sif Muna.
  4900 | D:3      | Reached * piety under Makhleb
  4900 | D:3      | Reached skill level 5 in Evocations
  4905 | D:3      | Gained mutation: Your body sometimes deteriorates upon
                  | taking damage. [potion of mutation]
  4905 | D:3      | Gained mutation: Your system is resistant to poisons.
                  | (rPois) [potion of mutation]
  4905 | D:3      | Gained mutation: You have a pair of small horns on your
                  | head. [potion of mutation]
  4905 | D:3      | HP: 2/51 [poisoned by a killer bee]
  4906 | D:3      | Succumbed to a killer bee's poison

Illustrated notes

Levels and vault maps discovered:
D:1:      matt_arrival_spirals, layout_basic
D:2:      layout_rooms, overflow_temple_1_default,
          chequers_temple_overflow_statue_of_worship, kennysheep_small_spiral,
          nicolae_dithmenos_through_a_glass_darkly
D:3:      layout_basic, lemuel_crystal_altar, chequers_ecumenical_altar_simple,
          first_ration, minmay_misc_feat_more_columns
D:4:      layout_basic, kennysheep_mini_moat, led_sif_book
D:5:      layout_loops_ring, lightli_temple_of_fire, ashenzari_altar_1,
          minmay_temple_entry_proselytizer, serial_shops, shop, shop,
          nicolae_shop_behind_doors, nicolae_shop_trees

Skill      XL: |  1  2  3  4  5  6  7 |
---------------+----------------------+-----
Armour         | 1 2 |  2.5
Dodging        | 3 4 |  4.4
Fighting       | 2 |  2.8
Evocations     | 4 5 |  5.0
Axes           | 1 2 |  2.6
Invocations    | 1 2 |  2.0
Short Blades   | |  1.0
Stealth        | |  1.0

Action                   |  1- 3 |  4- 6 |  7- 9 || total
-------------------------+-------+-------+-------++-------
Melee: Short sword       |    18 |       |       ||    18
       Whip              |    72 |   211 |    97 ||   380
Evoke: Wand              |       |     5 |     7 ||    12
  Use: Potion            |       |       |     9 ||     9
 Stab: Paralysed         |       |       |     5 ||     5
  Eat: Chunk             |     1 |     8 |     4 ||    13
Armor: Leather armour    |    16 |       |       ||    16
       Ring mail         |     8 |    93 |    10 ||   111
       Scale mail        |       |       |    47 ||    47
Dodge: Dodged            |    58 |   136 |    91 ||   285

Table legend:
 A = Non-vault XP
 B = Vault XP
 C = Vault XP percentage of total XP
 D = Non-vault monster count
 E = Vault monster count
 F = Vault count percentage of total count
                 A         B        C        D         E       F
            +---------+---------+-------+---------+---------+-------
      Total |     916 |       0 |   0.0 |      91 |       0 |   0.0
            +---------+---------+-------+---------+---------+-------
        D:1 |      54 |       0 |   0.0 |      27 |       0 |   0.0
        D:2 |      76 |       0 |   0.0 |      24 |       0 |   0.0
        D:3 |     436 |       0 |   0.0 |      26 |       0 |   0.0
        D:4 |     292 |       0 |   0.0 |       8 |       0 |   0.0
        D:5 |      58 |       0 |   0.0 |       6 |       0 |   0.0
            +---------+---------+-------+---------+---------+-------
